AoeStats
← Kez

Nomad

507771441Analyzed
3v3 RM · 13d ago on Sep 19, 2026· 62m 24s· 6 players
Game mode
Random Map
Map size
210×210
Population
200
Speed
Normal
Resources
Standard
Victory
Conquest
Starting age
Dark Age
Ending age
Imperial Age
RankedLock teamsTeams togetherTeam positionsShared explorationLock speedFull tech treeHidden civsTurbo modeCheats
Victory
Defeat
🇳🇱 Maya · Netherlands
1319
+16
🇨🇭 Huns · Switzerland
1296
+16
🇵🇪 Vikings · Peru
1290
+17
🇮🇳 Malians · India
1347
-18
🇮🇳 Italians · India
1289
-16
🇮🇳 Japanese · India
1286
-15
Héc'Arak
5:45 Loom
14:22 Feudal Age
14:58 Double-Bit Axe
14:55 Horse Collar
20:20 Castle Age
19:44 Forging
25:38 Town Watch
27:29 Scale Mail Armor
31:42 Iron Casting
31:42 Town Patrol
33:29 Fletching
35:14 Bow Saw
35:57 Chain Mail Armor
36:23 Gold Mining
36:24 Stone Mining
40:54 Bodkin Arrow
43:34 Imperial Age
41:33 Masonry
41:04 Treadmill Crane
42:56 Chieftains
43:16 Murder Holes
43:46 Sappers
44:42 Conscription
45:23 Blast Furnace
44:59 Plate Mail Armor
48:27 Elite Berserk
53:07 Architecture
58:21 Bracer
Kez
3:19 Loom
12:58 Feudal Age
17:36 Castle Age
17:53 Fishing Lines
19:07 Crossbowman
19:53 Gold Mining
27:59 Fletching
30:09 Stone Mining
31:17 Double-Bit Axe
38:13 Imperial Age
38:22 Arbalester
40:57 Conscription
40:40 Horse Collar
42:44 Ballistics
43:19 Padded Archer Armor
43:47 Bodkin Arrow
46:07 Thumb Ring
46:20 Leather Archer Armor
47:18 Stone Shaft Mining
47:16 Bracer
49:36 Ring Archer Armor
51:36 Chemistry
52:53 Wheelbarrow
52:03 Town Watch
54:36 Hand Cart
55:22 Masonry
57:38 Bow Saw
58:44 Architecture
59:31 Coinage
60:01 Scale Mail Armor
61:24 Banking
62:00 Two-Man Saw
61:01 Eagle Warrior
61:41 Squires
61:28 Arson
61:58 Heavy Plow
62:22 Elite Eagle Warrior
fear the lamb
14:18 Feudal Age
18:18 Castle Age
17:04 Double-Bit Axe
18:53 Fletching
19:04 Padded Archer Armor
19:28 Bow Saw
20:10 Fishing Lines
21:57 Gillnets
25:29 Ballistics
27:38 Bodkin Arrow
29:38 Gold Mining
32:09 Leather Archer Armor
33:50 Gold Shaft Mining
35:14 Horse Collar
36:34 Heavy Plow
37:42 Bloodlines
38:38 Crossbowman
39:20 Elite Skirmisher
40:07 Thumb Ring
43:25 Marauders
44:13 Wheelbarrow
46:29 Imperial Age
44:50 Husbandry
45:00 Scale Barding Armor
47:33 Conscription
47:36 Chain Barding Armor
48:01 Bracer
49:05 Chemistry
48:30 Elite Tarkan
51:34 Plate Barding Armor
57:58 Two-Man Saw
59:54 Forging
61:25 Stone Mining
62:55 Parthian Tactics
Karakootil Dasan
4:31 Loom
13:53 Feudal Age
14:28 Double-Bit Axe
17:22 Town Watch
17:28 Town Watch
18:18 Fletching
21:16 Castle Age
19:02 Horse Collar
19:25 Fishing Lines
22:19 Bow Saw
22:13 Heavy Plow
22:32 Bodkin Arrow
22:38 Padded Archer Armor
24:26 Leather Archer Armor
25:04 Wheelbarrow
26:11 Husbandry
27:09 Bloodlines
29:13 Scale Barding Armor
35:36 Thumb Ring
36:44 Gold Mining
37:28 Gillnets
42:27 Imperial Age
41:55 Hand Cart
42:18 Pikeman
43:06 Squires
43:57 Ballistics
44:38 Chemistry
44:04 Conscription
43:55 Bracer
45:09 Parthian Tactics
45:48 Ring Archer Armor
46:33 Yasama
46:08 Halberdier
47:11 Scale Mail Armor
48:26 Guard Tower
48:22 Arrowslits
50:32 Kataparuto
51:28 Keep
53:26 Chain Mail Armor
59:06 Plate Mail Armor
Arakkal Abu
4:48 Loom
5:01 Loom
5:05 Loom
13:59 Feudal Age
20:30 Castle Age
19:11 Double-Bit Axe
19:19 Horse Collar
20:05 Bloodlines
22:18 Scale Barding Armor
22:49 Forging
23:37 Chain Barding Armor
24:06 Husbandry
31:40 Wheelbarrow
37:30 Hand Cart
40:44 Imperial Age
41:44 Scale Mail Armor
42:20 Iron Casting
42:08 Conscription
41:19 Cavalier
43:20 Chain Mail Armor
43:58 Plate Barding Armor
43:10 Arson
43:26 Squires
43:34 Gold Mining
53:48 Light Cavalry
sarbathshameer
5:03 Loom
12:46 Feudal Age
18:54 Fletching
22:41 Castle Age
22:15 Padded Archer Armor
23:11 Crossbowman
24:16 Bodkin Arrow
27:01 Double-Bit Axe
37:56 Imperial Age
39:48 Chemistry
39:09 Ballistics
57:24 Elite Skirmisher
58:11 Thumb Ring
61:23 Leather Archer Armor
Connection lost

Rejoining the realm…

Still unreachable

The connection could not be restored.

Session expired

The server has moved on; the page needs a fresh start.